Avalanche vs Capitals
Created - 8 mars 2017 at 19:29
Goals
|
| Avalanche |
2 |
2 |
0 |
4 |
| Capitals |
0 |
1 |
1 |
2 |
|
Shots
|
| Avalanche |
15 |
12 |
3 |
30 |
| Capitals |
16 |
8 |
7 |
31 |
|
1st period
1. Avalanche , Andrei Kostitsyn 24 (Shane O'Brien) at 5:02
2. Avalanche , Corey Perry 19 (Mikkel Boedker, Bryan Little) at 14:13
Penalties :
No Penalty
2nd period
3. Avalanche , Andrew Ladd 10 (Corey Perry, Bryan Little) at 5:27 (PP)
4. Capitals , Joe Thornton 9 (Daniel Briere) at 5:44 (SH)
5. Avalanche , Corey Perry 20 (Jay Bouwmeester, Alexander Radulov) at 10:10 (PP)
Penalties :
Jarome Iginla (Was) for Hooking (Minor) at 5:21, Marek Zidlicky (Was) for Holding (Minor) at 5:30, Erik Cole (Was) for Holding (Minor) at 9:21, Jay Bouwmeester (Col) for Hooking (Minor) at 17:16
3rd period
6. Capitals , Patrick Marleau 18 (Jarome Iginla, Joe Thornton) at 7:19 (PP)
Penalties :
Pernell Karl Subban (Col) for High sticking (Minor) at 2:06, Ryan Smyth (Col) for Hooking (Minor) at 6:20, Andrew Ladd (Col) for Hooking (Minor) at 7:07
Goalie Stats
Semyon Varlamov (Col), 29 saves from 31 shots - (0,935), W, 15-15-2, 60:00 minutes
Ilya Bryzgalov (Was), 26 saves from 30 shots - (0,867), L, 10-11-2, 60:00 minutes
Players Stats for Avalanche
Player Name G A P +/- PIM S H SB GA TA FO MP PP MP PK MP
------------------------------------------------------------------------------------
Alexander Radulov 0 1 1 1 0 1 1 0 1 0 0/0 19:25 1:18 1:54
Andrei Kostitsyn 1 0 1 0 0 6 0 0 2 0 2/2 18:13 1:30 1:18
Andrew Ladd 1 0 1 0 2 2 2 0 0 0 1/1 11:22 0:06 1:15
Brandon Yip 0 0 0 0 0 1 2 0 0 0 0/0 11:55 0:00 1:47
Bryan Little 0 2 2 0 0 2 2 2 2 0 10/22 17:37 1:36 0:00
Chuck Kobasew 0 0 0 0 0 0 1 0 0 0 0/0 12:32 0:00 3:07
Corey Perry 2 1 3 0 0 6 2 1 1 0 0/0 17:45 1:36 0:00
David Krejci 0 0 0 0 0 1 0 0 0 0 3/5 10:37 0:00 0:32
Jack Johnson 0 0 0 1 0 1 1 2 0 0 0/0 22:23 0:36 4:11
Jay Bouwmeester 0 1 1 0 2 0 2 2 0 0 0/0 19:25 2:18 0:46
Johnny Boychuk 0 0 0 1 0 1 0 0 1 1 0/0 7:57 0:18 0:00
Marc Staal 0 0 0 0 0 1 2 2 1 1 0/0 24:57 0:36 3:13
Mike Comrie 0 0 0 0 0 3 0 0 0 1 3/9 12:28 0:00 3:36
Mikkel Boedker 0 1 1 1 0 0 5 1 0 0 1/1 17:25 1:18 0:00
Paul Stastny 0 0 0 1 0 1 1 0 0 0 10/20 16:35 1:18 0:00
Pernell Karl Subban 0 0 0 -1 2 0 3 0 0 1 0/0 23:56 2:00 1:52
Ryan Smyth 0 0 0 0 2 2 2 1 0 0 0/0 9:23 0:00 0:00
Shane O'Brien 0 1 1 1 0 2 2 0 1 0 0/0 19:05 0:00 3:12
Players Stats for Capitals
Player Name G A P +/- PIM S H SB GA TA FO MP PP MP PK MP
------------------------------------------------------------------------------------
Adam Hall 0 0 0 0 0 1 0 0 0 0 1/2 4:17 0:31 0:00
Daniel Briere 0 1 1 1 0 3 1 0 1 0 4/12 22:56 2:37 1:34
Erik Cole 0 0 0 0 2 2 2 0 0 1 0/0 19:04 3:02 0:22
Erik Karlsson 0 0 0 1 0 4 0 1 0 0 0/0 13:14 0:00 0:51
James Neal 0 0 0 0 0 3 2 0 0 0 1/1 18:38 3:02 0:00
Jamie Langenbrunner 0 0 0 -1 0 1 0 0 1 0 0/0 14:34 0:23 0:00
Jarome Iginla 0 1 1 -1 2 3 0 0 1 0 0/0 19:55 3:42 0:47
Jay Harrison 0 0 0 -1 0 0 0 0 0 1 0/0 4:02 0:00 0:31
Joe Corvo 0 0 0 -1 0 1 0 1 0 0 0/0 20:35 3:29 1:15
Joe Thornton 1 1 2 0 0 2 1 0 0 2 19/35 23:50 3:13 1:45
Marek Zidlicky 0 0 0 -1 2 0 2 0 1 2 0/0 25:39 3:15 0:17
Mark Giordano 0 0 0 0 0 1 0 0 0 0 0/0 12:23 0:00 0:00
Patrick Marleau 1 0 1 -1 0 5 2 1 0 0 2/2 20:15 3:42 0:47
Ryan Callahan 0 0 0 0 0 0 0 0 0 0 0/0 6:45 0:00 0:33
Saku Koivu 0 0 0 -1 0 3 0 0 0 1 3/6 13:25 0:00 0:00
Scott Parse 0 0 0 -1 0 0 2 0 0 0 0/2 13:25 0:00 0:00
Tom Preissing 0 0 0 1 0 0 0 3 0 2 0/0 23:31 3:15 1:39
Zdeno Chara 0 0 0 -1 0 2 0 2 0 0 0/0 20:35 3:29 1:15
3 Stars
1 - Corey Perry (Col)
2 - Joe Thornton (Was)
3 - Mikkel Boedker (Col)
Power Play
Avalanche - 2 on 3 Attempt(s) - 66,67%
Capitals - 1 on 4 Attempt(s) - 25,00%
Penalty Kill
Avalanche - 3 on 4 Attempt(s) - 75,00%
- Score 0 goal in Penalty Kill
Capitals - 1 on 3 Attempt(s) - 33,33%
- Score 1 goal in Penalty Kill
Team Stat
Avalanche - Hits : 28 - Faceoff Wins : 30 - Blocked Shots : 11 - Penalty Minutes : 8
Capitals - Hits : 12 - Faceoff Wins : 30 - Blocked Shots : 8 - Penalty Minutes : 6
Official
Referees : O'Halloran Dan and Kimmerly Greg
Linesman : Michel Cormier and Jean Morin
Game Notes
Johnny Boychuk is injured at 5:42 of 2nd period (Sprained Right Finger)
Finance
Level 1 -- Attendance: 6000 (100,00%) -- Ticket Income 462 000 $
Level 2 -- Attendance: 5000 (100,00%) -- Ticket Income 210 000 $
Level 3 -- Attendance: 2000 (100,00%) -- Ticket Income 54 000 $
Level 4 -- Attendance: 3641 (91,03%) -- Ticket Income 58 256 $
Luxury Box -- Attendance: 781 (78,10%) -- Ticket Income 127 303 $
Game was played at the Verizon Center.
Total Attendance: 17422 (96,79%)
Total Ticket Income: 911 559 $
Other Income: 136 734 $
Total Income: 1 048 293 $
Avalanche
5 vs 5 Forward
Center Left Wing Right Wing Time % Phy DF OF
1 Bryan Little Mikkel Boedker Corey Perry 35 1 2 2
2 Paul Stastny Andrei Kostitsyn Alexander Radulov 35 1 2 2
3 Mike Comrie Andrew Ladd Brandon Yip 15 1 2 2
4 David Krejci Ryan Smyth Chuck Kobasew 15 1 2 2
5 vs 5 Defense
Defense Defense Time % Phy DF OF
1 Jay Bouwmeester Jack Johnson 35 1 2 2
2 Pernell Karl Subban Marc Staal 33 1 2 2
3 Shane O'Brien Johnny Boychuk 32 1 2 2
4 Marc Staal Jack Johnson 0 1 2 2
PowerPlay Forward
Center Left Wing Right Wing Time % Phy DF OF
1 Bryan Little Andrei Kostitsyn Corey Perry 60 1 2 2
2 Paul Stastny Mikkel Boedker Alexander Radulov 40 1 2 2
PowerPlay Defense
Defense Defense Time % Phy DF OF
1 Jay Bouwmeester Johnny Boychuk 60 1 2 2
2 Marc Staal Pernell Karl Subban 40 1 2 2
Penalty Kill 4 Players Forward
Center Wing Time % Phy DF OF
1 Mike Comrie Chuck Kobasew 60 1 2 2
2 Brandon Yip Andrew Ladd 40 1 2 2
Penalty Kill 4 Players Defense
Defense Defense Time % Phy DF OF
1 Marc Staal Jack Johnson 60 1 2 2
2 Pernell Karl Subban Shane O'Brien 40 1 2 2
Penalty Kill - 3 Players Forward
Forward Time % Phy DF OF
1 Mike Comrie 60 1 2 2
2 Chuck Kobasew 40 1 2 2
Penalty Kill - 3 Players Defense
Defense Defense Time % Phy DF OF
1 Pernell Karl Subban Marc Staal 60 1 2 2
2 Shane O'Brien Jack Johnson 40 1 2 2
4 vs 4 Forward
Center Wing Time % Phy DF OF
1 Corey Perry Andrei Kostitsyn 60 1 2 2
2 Mikkel Boedker Bryan Little 40 1 2 2
4 vs 4 Defense
Defense Defense Time % Phy DF OF
1 Marc Staal Jack Johnson 60 1 2 2
2 Shane O'Brien Jay Bouwmeester 40 1 2 2
Last Minutes Offensive
Center Left Wing Right Wing Defense Defense
Bryan Little Andrei Kostitsyn Corey Perry Marc Staal Jack Johnson
Last Minutes Defensive
Center Left Wing Right Wing Defense Defense
Mike Comrie Mikkel Boedker Chuck Kobasew Marc Staal Jack Johnson
Goaltenders
Starting : Semyon Varlamov
Backup : Dan Ellis
Extra Forwards
Normal : Corey Perry, Paul Stastny, Alexander Radulov - PP : Corey Perry, Paul Stastny - PK : Alexander Radulov
Extra Defensemen
Normal : Pernell Karl Subban, Marc Staal, Shane O'Brien - PP : Pernell Karl Subban - PK : Jack Johnson, Shane O'Brien
Penalty Shots
Corey Perry, Andrei Kostitsyn, Mikkel Boedker, Bryan Little, Mike Comrie
Capitals
5 vs 5 Forward
Center Left Wing Right Wing Time % Phy DF OF
1 Joe Thornton Patrick Marleau Jarome Iginla 40 1 2 2
2 Daniel Briere Erik Cole James Neal 30 1 2 2
3 Saku Koivu Scott Parse Jamie Langenbrunner 20 1 2 2
4 Joe Thornton Daniel Briere Ryan Callahan 10 1 2 2
5 vs 5 Defense
Defense Defense Time % Phy DF OF
1 Marek Zidlicky Tom Preissing 40 1 2 2
2 Zdeno Chara Joe Corvo 30 1 2 2
3 Mark Giordano Erik Karlsson 20 1 2 2
4 Jay Harrison Marek Zidlicky 10 1 2 2
PowerPlay Forward
Center Left Wing Right Wing Time % Phy DF OF
1 Joe Thornton Patrick Marleau Jarome Iginla 60 1 2 2
2 Daniel Briere Erik Cole James Neal 40 1 2 2
PowerPlay Defense
Defense Defense Time % Phy DF OF
1 Marek Zidlicky Tom Preissing 60 1 2 2
2 Zdeno Chara Joe Corvo 40 1 2 2
Penalty Kill 4 Players Forward
Center Wing Time % Phy DF OF
1 Joe Thornton Daniel Briere 60 1 2 2
2 Jarome Iginla Patrick Marleau 40 1 2 2
Penalty Kill 4 Players Defense
Defense Defense Time % Phy DF OF
1 Marek Zidlicky Tom Preissing 60 1 2 2
2 Zdeno Chara Joe Corvo 40 1 2 2
Penalty Kill - 3 Players Forward
Forward Time % Phy DF OF
1 Joe Thornton 60 1 2 2
2 Daniel Briere 40 1 2 2
Penalty Kill - 3 Players Defense
Defense Defense Time % Phy DF OF
1 Marek Zidlicky Tom Preissing 60 1 2 2
2 Zdeno Chara Joe Corvo 40 1 2 2
4 vs 4 Forward
Center Wing Time % Phy DF OF
1 Joe Thornton Daniel Briere 60 1 2 2
2 Jarome Iginla Patrick Marleau 40 1 2 2
4 vs 4 Defense
Defense Defense Time % Phy DF OF
1 Marek Zidlicky Tom Preissing 60 1 2 2
2 Zdeno Chara Joe Corvo 40 1 2 2
Last Minutes Offensive
Center Left Wing Right Wing Defense Defense
Joe Thornton Patrick Marleau Jarome Iginla Marek Zidlicky Tom Preissing
Last Minutes Defensive
Center Left Wing Right Wing Defense Defense
Joe Thornton Patrick Marleau Jarome Iginla Marek Zidlicky Tom Preissing
Goaltenders
Starting : Ilya Bryzgalov
Backup : Erik Ersberg
Extra Forwards
Normal : Adam Hall, Jamie Langenbrunner, Ryan Callahan - PP : Adam Hall, Jamie Langenbrunner - PK : Ryan Callahan
Extra Defensemen
Normal : Mark Giordano, Erik Karlsson, Jay Harrison - PP : Mark Giordano - PK : Erik Karlsson, Jay Harrison
Penalty Shots
Joe Thornton, Daniel Briere, Jarome Iginla, Patrick Marleau, James Neal
% Time on Ice - Avalanche
Lines # - Real PCT - Wanted PCT - Time Play
Normal Forward
1 - 33% - 35% - 16:30
2 - 31% - 35% - 15:37
3 - 18% - 15% - 8:51
4 - 19% - 15% - 9:24
Normal Defense
1 - 30% - 35% - 15:01
2 - 30% - 33% - 14:53
3 - 38% - 32% - 19:20
4 - 2% - 0% - 1:08
PP Forward
1 - 55% - 60% - 1:36
2 - 45% - 40% - 1:18
PP Defense
1 - 100% - 60% - 2:54
2 - 0% - 40% - 0:00
PK Forward
1 - 73% - 60% - 4:45
2 - 27% - 40% - 1:47
PK Defense
1 - 58% - 60% - 3:46
2 - 42% - 40% - 2:46
PK3 Forward
1 - 100% - 60% - 0:12
2 - 0% - 40% - 0:00
PK3 Defense
1 - 100% - 60% - 0:12
2 - 0% - 40% - 0:00
44 Forward
1 - 0% - 60%
2 - 0% - 40%
44 Defense
1 - 0% - 60%
2 - 0% - 40%
Last Minute Offensive - 0:00
Last Minute Defensive - 0:00
Total
Forward - 60:00
Defense - 60:00
|
% Time on Ice - Capitals
Lines # - Real PCT - Wanted PCT - Time Play
Normal Forward
1 - 32% - 40% - 15:55
2 - 33% - 30% - 16:29
3 - 27% - 20% - 13:25
4 - 9% - 10% - 4:33
Normal Defense
1 - 37% - 40% - 18:37
2 - 31% - 30% - 15:51
3 - 25% - 20% - 12:23
4 - 7% - 10% - 3:31
PP Forward
1 - 55% - 60% - 3:42
2 - 45% - 40% - 3:02
PP Defense
1 - 48% - 60% - 3:15
2 - 52% - 40% - 3:29
PK Forward
1 - 73% - 60% - 2:07
2 - 27% - 40% - 0:47
PK Defense
1 - 57% - 60% - 1:39
2 - 43% - 40% - 1:15
PK3 Forward
1 - 0% - 60%
2 - 0% - 40%
PK3 Defense
1 - 0% - 60%
2 - 0% - 40%
44 Forward
1 - 0% - 60%
2 - 0% - 40%
44 Defense
1 - 0% - 60%
2 - 0% - 40%
Last Minute Offensive - 0:00
Last Minute Defensive - 0:00
Total
Forward - 60:00
Defense - 60:00
|
Play by Play
1st period
0:01 of 1st period - Joe Thornton wins face-off versus Bryan Little in neutral zone.
0:31 of 1st period - Off-side.
0:32 of 1st period - Paul Stastny wins face-off versus Daniel Briere in neutral zone.
0:40 of 1st period - Snap shot by Andrei Kostitsyn.
0:40 of 1st period - Shot Misses the Net.
1:21 of 1st period - Off-side.
1:22 of 1st period - Joe Thornton wins face-off versus Mike Comrie in neutral zone.
1:25 of 1st period - Snap shot by Joe Thornton.
1:25 of 1st period - Shot Misses the Net.
1:45 of 1st period - Snap shot by Joe Thornton.
1:45 of 1st period - Shot Misses the Net.
1:47 of 1st period - Slapshot by Erik Karlsson.
1:47 of 1st period - Stopped by Semyon Varlamov with a rebound.
1:49 of 1st period - Slapshot by Erik Karlsson.
1:49 of 1st period - Stopped by Semyon Varlamov with a rebound.
1:51 of 1st period - Slapshot by Mark Giordano.
1:51 of 1st period - Stopped by Semyon Varlamov without a rebound.
1:52 of 1st period - Daniel Briere wins face-off versus David Krejci in Avalanche zone.
1:59 of 1st period - Snap shot by Daniel Briere.
1:59 of 1st period - Stopped by Semyon Varlamov without a rebound.
2:00 of 1st period - Daniel Briere wins face-off versus David Krejci in Avalanche zone.
2:01 of 1st period - Snap shot by James Neal.
2:01 of 1st period - Deflect By Erik Cole.
2:01 of 1st period - Stopped by Semyon Varlamov without a rebound.
2:02 of 1st period - David Krejci wins face-off versus Daniel Briere in Avalanche zone.
2:20 of 1st period - Backhand shot by James Neal.
2:20 of 1st period - Stopped by Semyon Varlamov with a rebound.
2:22 of 1st period - Slapshot by Tom Preissing.
2:22 of 1st period - Shot Misses the Net.
2:24 of 1st period - Wrist shot by Erik Cole.
2:24 of 1st period - Shot Blocked by Ryan Smyth.
2:26 of 1st period - Wrist shot by Daniel Briere.
2:26 of 1st period - Shot Misses the Net.
2:28 of 1st period - Snap shot by Tom Preissing.
2:28 of 1st period - Shot Blocked by Jay Bouwmeester.
2:30 of 1st period - Slapshot by James Neal.
2:30 of 1st period - Shot Blocked by Jack Johnson.
2:32 of 1st period - Slapshot by James Neal.
2:32 of 1st period - Shot Misses the Net.
2:34 of 1st period - Snap shot by James Neal.
2:34 of 1st period - Shot Misses the Net.
2:51 of 1st period - Snap shot by Daniel Briere.
2:51 of 1st period - Stopped by Semyon Varlamov with a rebound.
3:01 of 1st period - Wrist shot by Erik Cole.
3:01 of 1st period - Shot Misses the Net.
3:13 of 1st period - Slapshot by James Neal.
3:13 of 1st period - Stopped by Semyon Varlamov without a rebound.
3:14 of 1st period - Bryan Little wins face-off versus Saku Koivu in Avalanche zone.
3:14 of 1st period - Bryan Little is hit by Scott Parse.
3:48 of 1st period - Off-side.
3:49 of 1st period - Saku Koivu wins face-off versus Paul Stastny in neutral zone.
4:12 of 1st period - Icing by Marc Staal.
4:13 of 1st period - Joe Thornton wins face-off versus Mike Comrie in Avalanche zone.
4:14 of 1st period - Snap shot by Patrick Marleau.
4:14 of 1st period - Stopped by Semyon Varlamov with a rebound.
4:24 of 1st period - Wrist shot by Jarome Iginla.
4:24 of 1st period - Stopped by Semyon Varlamov without a rebound.
4:25 of 1st period - Mikkel Boedker wins face-off versus Joe Thornton in Avalanche zone.
5:02 of 1st period - Snap shot by Andrei Kostitsyn.
5:02 of 1st period - Goal by Andrei Kostitsyn - Avalanche : 1 - Capitals : 0.
5:03 of 1st period - Paul Stastny wins face-off versus Joe Thornton in neutral zone.
5:28 of 1st period - Jamie Langenbrunner is hit by Pernell Karl Subban and loses puck.
5:54 of 1st period - Johnny Boychuk is hit by Erik Cole and loses puck.
6:45 of 1st period - Jamie Langenbrunner is hit by Mikkel Boedker and loses puck.
7:22 of 1st period - Wrist shot by Jarome Iginla.
7:22 of 1st period - Stopped by Semyon Varlamov without a rebound.
7:23 of 1st period - Patrick Marleau wins face-off versus Paul Stastny in Avalanche zone.
7:36 of 1st period - Slapshot by Joe Thornton.
7:36 of 1st period - Stopped by Semyon Varlamov with a rebound.
8:07 of 1st period - Mark Giordano is hit by Shane O'Brien and loses puck.
9:18 of 1st period - Slapshot by Johnny Boychuk.
9:18 of 1st period - Stopped by Ilya Bryzgalov with a rebound.
9:32 of 1st period - Wrist shot by Mike Comrie.
9:32 of 1st period - Stopped by Ilya Bryzgalov without a rebound.
9:33 of 1st period - Bryan Little wins face-off versus Joe Thornton in Capitals zone.
10:13 of 1st period - Snap shot by James Neal.
10:13 of 1st period - Shot Misses the Net.
10:15 of 1st period - Snap shot by James Neal.
10:15 of 1st period - Stopped by Semyon Varlamov with a rebound.
10:17 of 1st period - Wrist shot by Erik Cole.
10:17 of 1st period - Stopped by Semyon Varlamov without a rebound.
10:18 of 1st period - Patrick Marleau wins face-off versus Paul Stastny in Avalanche zone.
11:12 of 1st period - Snap shot by Bryan Little.
11:12 of 1st period - Shot Misses the Net.
11:14 of 1st period - Slapshot by Jay Bouwmeester.
11:14 of 1st period - Shot Blocked by Zdeno Chara.
11:16 of 1st period - Slapshot by Jack Johnson.
11:16 of 1st period - Stopped by Ilya Bryzgalov without a rebound.
11:17 of 1st period - Paul Stastny wins face-off versus Joe Thornton in Capitals zone.
11:18 of 1st period - Snap shot by Andrei Kostitsyn.
11:18 of 1st period - Stopped by Ilya Bryzgalov with a rebound.
11:53 of 1st period - Snap shot by Corey Perry.
11:53 of 1st period - Stopped by Ilya Bryzgalov without a rebound.
11:54 of 1st period - Joe Thornton wins face-off versus Bryan Little in Capitals zone.
12:19 of 1st period - Paul Stastny is hit by James Neal.
12:52 of 1st period - Slapshot by Brandon Yip.
12:52 of 1st period - Shot Hit the Post.
12:54 of 1st period - Snap shot by Brandon Yip.
12:54 of 1st period - Shot Misses the Net.
13:39 of 1st period - Wrist shot by Andrei Kostitsyn.
13:39 of 1st period - Stopped by Ilya Bryzgalov with a rebound.
14:09 of 1st period - Snap shot by Mike Comrie.
14:09 of 1st period - Stopped by Ilya Bryzgalov without a rebound.
14:10 of 1st period - Bryan Little wins face-off versus Joe Thornton in Capitals zone.
14:13 of 1st period - Slapshot by Corey Perry.
14:13 of 1st period - Goal by Corey Perry - Avalanche : 2 - Capitals : 0.
14:14 of 1st period - Joe Thornton wins face-off versus Paul Stastny in neutral zone.
14:19 of 1st period - Wrist shot by Jarome Iginla.
14:19 of 1st period - Stopped by Semyon Varlamov with a rebound.
14:25 of 1st period - Wrist shot by Patrick Marleau.
14:25 of 1st period - Stopped by Semyon Varlamov with a rebound.
14:39 of 1st period - Corey Perry is hit by Erik Cole.
15:03 of 1st period - Slapshot by Marc Staal.
15:03 of 1st period - Deflect By Daniel Briere.
15:03 of 1st period - Stopped by Ilya Bryzgalov without a rebound.
15:04 of 1st period - Mike Comrie wins face-off versus Joe Thornton in Capitals zone.
15:09 of 1st period - Snap shot by Mike Comrie.
15:09 of 1st period - Stopped by Ilya Bryzgalov without a rebound.
15:10 of 1st period - Joe Thornton wins face-off versus Paul Stastny in Capitals zone.
16:14 of 1st period - Erik Karlsson is hit by Ryan Smyth.
16:18 of 1st period - Patrick Marleau is hit by Ryan Smyth and loses puck.
17:07 of 1st period - Off-side.
17:08 of 1st period - Paul Stastny wins face-off versus Daniel Briere in neutral zone.
17:35 of 1st period - Snap shot by Bryan Little.
17:35 of 1st period - Shot Misses the Net.
18:18 of 1st period - Off-side.
18:19 of 1st period - Andrew Ladd wins face-off versus Daniel Briere in neutral zone.
18:53 of 1st period - Joe Corvo is hit by Shane O'Brien.
19:15 of 1st period - Slapshot by Mike Comrie.
19:15 of 1st period - Shot Blocked by Joe Corvo.
19:17 of 1st period - Slapshot by Shane O'Brien.
19:17 of 1st period - Stopped by Ilya Bryzgalov with a rebound.
19:21 of 1st period - Snap shot by Brandon Yip.
19:21 of 1st period - Stopped by Ilya Bryzgalov without a rebound.
19:22 of 1st period - Paul Stastny wins face-off versus Joe Thornton in Capitals zone.
19:33 of 1st period - Snap shot by Andrei Kostitsyn.
19:33 of 1st period - Stopped by Ilya Bryzgalov with a rebound.
19:35 of 1st period - Wrist shot by Paul Stastny.
19:35 of 1st period - Stopped by Ilya Bryzgalov without a rebound.
19:36 of 1st period - Joe Thornton wins face-off versus Bryan Little in Capitals zone.
19:50 of 1st period - Icing by Mikkel Boedker.
19:51 of 1st period - Joe Thornton wins face-off versus Bryan Little in Avalanche zone.
Goals for this period are 2 for Avalanche vs 0 for Capitals.
Shots for this period are 15 for Avalanche vs 16 for Capitals.
2nd period
0:01 of 2nd period - Andrei Kostitsyn wins face-off versus Joe Thornton in neutral zone.
0:33 of 2nd period - Snap shot by Bryan Little.
0:33 of 2nd period - Stopped by Ilya Bryzgalov with a rebound.
0:35 of 2nd period - Wrist shot by Corey Perry.
0:35 of 2nd period - Stopped by Ilya Bryzgalov without a rebound.
0:36 of 2nd period - Joe Thornton wins face-off versus Paul Stastny in Capitals zone.
0:43 of 2nd period - Backhand shot by Erik Karlsson.
0:43 of 2nd period - Stopped by Semyon Varlamov without a rebound.
0:44 of 2nd period - Joe Thornton wins face-off versus Paul Stastny in Avalanche zone.
0:55 of 2nd period - Slapshot by Joe Thornton.
0:55 of 2nd period - Shot Misses the Net.
0:57 of 2nd period - Snap shot by Daniel Briere.
0:57 of 2nd period - Shot Blocked by Jack Johnson.
1:09 of 2nd period - Alexander Radulov is hit by Marek Zidlicky and loses puck.
2:27 of 2nd period - Snap shot by Corey Perry.
2:27 of 2nd period - Shot Misses the Net.
2:29 of 2nd period - Slapshot by Shane O'Brien.
2:29 of 2nd period - Stopped by Ilya Bryzgalov without a rebound.
2:30 of 2nd period - Paul Stastny wins face-off versus Daniel Briere in Capitals zone.
3:11 of 2nd period - Joe Corvo is hit by Jack Johnson and loses puck.
3:22 of 2nd period - Wrist shot by Ryan Smyth.
3:22 of 2nd period - Stopped by Ilya Bryzgalov with a rebound.
3:24 of 2nd period - Snap shot by Ryan Smyth.
3:24 of 2nd period - Shot Misses the Net.
3:39 of 2nd period - Icing by Alexander Radulov.
3:40 of 2nd period - Daniel Briere wins face-off versus Paul Stastny in Avalanche zone.
3:49 of 2nd period - James Neal is hit by Paul Stastny and loses puck.
4:52 of 2nd period - Wrist shot by Alexander Radulov.
4:52 of 2nd period - Shot Blocked by Tom Preissing.
4:54 of 2nd period - Slapshot by Alexander Radulov.
4:54 of 2nd period - Stopped by Ilya Bryzgalov with a rebound.
4:56 of 2nd period - Wrist shot by Andrei Kostitsyn.
4:56 of 2nd period - Stopped by Ilya Bryzgalov with a rebound.
5:00 of 2nd period - Wrist shot by Alexander Radulov.
5:00 of 2nd period - Shot Misses the Net.
5:06 of 2nd period - Wrist shot by Andrei Kostitsyn.
5:06 of 2nd period - Deflect By Marek Zidlicky.
5:06 of 2nd period - Shot Misses the Net.
5:06 of 2nd period - Puck is out of play.
5:07 of 2nd period - Bryan Little wins face-off versus Joe Thornton in Capitals zone.
5:21 of 2nd period - Minor Penalty to Jarome Iginla for Hooking.
5:22 of 2nd period - Bryan Little wins face-off versus Joe Thornton in Capitals zone.
5:27 of 2nd period - Snap shot by Corey Perry.
5:27 of 2nd period - Deflect By Andrew Ladd.
5:27 of 2nd period - Goal by Andrew Ladd - Avalanche : 3 - Capitals : 0.
5:28 of 2nd period - Joe Thornton wins face-off versus Bryan Little in neutral zone.
5:30 of 2nd period - Minor Penalty to Marek Zidlicky for Holding.
5:31 of 2nd period - Andrei Kostitsyn wins face-off versus Joe Thornton in Capitals zone.
5:35 of 2nd period - Snap shot by Corey Perry.
5:35 of 2nd period - Stopped by Ilya Bryzgalov with a rebound.
5:41 of 2nd period - Johnny Boychuk is hit by Daniel Briere and loses puck.
5:42 of 2nd period - Johnny Boychuk from Avalanche is injured at 5:42 of 2nd period (Sprained Right Finger).
5:43 of 2nd period - Daniel Briere wins face-off versus Bryan Little in Avalanche zone.
5:44 of 2nd period - Wrist shot by Joe Thornton.
5:44 of 2nd period - Goal by Joe Thornton - Avalanche : 3 - Capitals : 1.
5:45 of 2nd period - Joe Thornton wins face-off versus Bryan Little in neutral zone.
5:58 of 2nd period - Wrist shot by Corey Perry.
5:58 of 2nd period - Stopped by Ilya Bryzgalov with a rebound.
6:00 of 2nd period - Snap shot by Bryan Little.
6:00 of 2nd period - Shot Misses the Net.
6:02 of 2nd period - Wrist shot by Andrei Kostitsyn.
6:02 of 2nd period - Shot Blocked by Erik Karlsson.
6:14 of 2nd period - Wrist shot by Mikkel Boedker.
6:14 of 2nd period - Shot Blocked by Tom Preissing.
6:32 of 2nd period - Slapshot by Jarome Iginla.
6:32 of 2nd period - Deflect By Patrick Marleau.
6:32 of 2nd period - Stopped by Semyon Varlamov with a rebound.
7:30 of 2nd period - Penalty to Marek Zidlicky is over, Marek Zidlicky is back on ice.
8:42 of 2nd period - Saku Koivu is hit by Alexander Radulov and loses puck.
8:57 of 2nd period - Snap shot by Patrick Marleau.
8:57 of 2nd period - Shot Misses the Net.
9:07 of 2nd period - James Neal is hit by Brandon Yip and loses puck.
9:21 of 2nd period - Minor Penalty to Erik Cole for Holding.
9:22 of 2nd period - Joe Thornton wins face-off versus Bryan Little in Capitals zone.
9:37 of 2nd period - Joe Thornton is hit by Pernell Karl Subban and loses puck.
9:52 of 2nd period - Slapshot by Patrick Marleau.
9:52 of 2nd period - Shot Blocked by Mikkel Boedker.
9:54 of 2nd period - Slapshot by Joe Corvo.
9:54 of 2nd period - Shot Misses the Net.
10:08 of 2nd period - Slapshot by Jay Bouwmeester.
10:08 of 2nd period - Shot Blocked by Zdeno Chara.
10:10 of 2nd period - Wrist shot by Corey Perry.
10:10 of 2nd period - Goal by Corey Perry - Avalanche : 4 - Capitals : 1.
10:11 of 2nd period - Joe Thornton wins face-off versus Bryan Little in neutral zone.
12:10 of 2nd period - Snap shot by David Krejci.
12:10 of 2nd period - Shot Blocked by Patrick Marleau.
12:33 of 2nd period - Icing by Mikkel Boedker.
12:34 of 2nd period - Saku Koivu wins face-off versus Paul Stastny in Avalanche zone.
12:35 of 2nd period - Snap shot by Jamie Langenbrunner.
12:35 of 2nd period - Deflect By Alexander Radulov.
12:35 of 2nd period - Stopped by Semyon Varlamov with a rebound.
12:37 of 2nd period - Wrist shot by Saku Koivu.
12:37 of 2nd period - Deflect By Shane O'Brien.
12:37 of 2nd period - Stopped by Semyon Varlamov without a rebound.
12:38 of 2nd period - Paul Stastny wins face-off versus Saku Koivu in Avalanche zone.
12:43 of 2nd period - Saku Koivu is hit by Jay Bouwmeester and loses puck.
12:54 of 2nd period - Snap shot by Alexander Radulov.
12:54 of 2nd period - Shot Misses the Net.
13:36 of 2nd period - Wrist shot by Ryan Smyth.
13:36 of 2nd period - Stopped by Ilya Bryzgalov with a rebound.
14:07 of 2nd period - Jarome Iginla is hit by Andrew Ladd and loses puck.
14:28 of 2nd period - Wrist shot by Zdeno Chara.
14:28 of 2nd period - Deflect By Daniel Briere.
14:28 of 2nd period - Shot Blocked by Corey Perry.
14:28 of 2nd period - Puck is out of play.
14:29 of 2nd period - James Neal wins face-off versus Bryan Little in Avalanche zone.
15:00 of 2nd period - Wrist shot by Scott Parse.
15:00 of 2nd period - Shot Hit the Post.
15:22 of 2nd period - Patrick Marleau is hit by Marc Staal.
15:47 of 2nd period - Backhand shot by David Krejci.
15:47 of 2nd period - Stopped by Ilya Bryzgalov without a rebound.
15:48 of 2nd period - David Krejci wins face-off versus Saku Koivu in Capitals zone.
16:33 of 2nd period - Snap shot by Saku Koivu.
16:33 of 2nd period - Deflect By Jamie Langenbrunner.
16:33 of 2nd period - Shot Blocked by Jay Bouwmeester.
16:33 of 2nd period - Puck is out of play.
16:34 of 2nd period - Bryan Little wins face-off versus Joe Thornton in Avalanche zone.
17:07 of 2nd period - Slapshot by James Neal.
17:07 of 2nd period - Shot Misses the Net.
17:09 of 2nd period - Snap shot by James Neal.
17:09 of 2nd period - Shot Blocked by Marc Staal.
17:11 of 2nd period - Slapshot by Daniel Briere.
17:11 of 2nd period - Stopped by Semyon Varlamov with a rebound.
17:13 of 2nd period - Snap shot by Erik Cole.
17:13 of 2nd period - Deflect By Daniel Briere.
17:13 of 2nd period - Shot Misses the Net.
17:13 of 2nd period - Puck is out of play.
17:14 of 2nd period - Bryan Little wins face-off versus Joe Thornton in Avalanche zone.
17:16 of 2nd period - Minor Penalty to Jay Bouwmeester for Hooking.
17:17 of 2nd period - Mike Comrie wins face-off versus Joe Thornton in Avalanche zone.
17:39 of 2nd period - Tom Preissing is hit by Chuck Kobasew and loses puck.
19:08 of 2nd period - James Neal is hit by Pernell Karl Subban and loses puck.
19:16 of 2nd period - Penalty to Jay Bouwmeester is over, Jay Bouwmeester is back on ice.
19:32 of 2nd period - Slapshot by Erik Karlsson.
19:32 of 2nd period - Stopped by Semyon Varlamov with a rebound.
19:34 of 2nd period - Wrist shot by Saku Koivu.
19:34 of 2nd period - Stopped by Semyon Varlamov without a rebound.
19:35 of 2nd period - Saku Koivu wins face-off versus Bryan Little in Avalanche zone.
19:41 of 2nd period - Icing by Bryan Little.
19:42 of 2nd period - Bryan Little wins face-off versus Scott Parse in Avalanche zone.
19:47 of 2nd period - Scott Parse is hit by Jay Bouwmeester.
Goals for this period are 2 for Avalanche vs 1 for Capitals.
Shots for this period are 12 for Avalanche vs 8 for Capitals.
3rd period
0:01 of 3rd period - Bryan Little wins face-off versus Joe Thornton in neutral zone.
0:06 of 3rd period - Jarome Iginla is hit by Mikkel Boedker and loses puck.
0:13 of 3rd period - Wrist shot by Bryan Little.
0:13 of 3rd period - Shot Blocked by Tom Preissing.
0:15 of 3rd period - Wrist shot by Corey Perry.
0:15 of 3rd period - Deflect By Bryan Little.
0:15 of 3rd period - Stopped by Ilya Bryzgalov without a rebound.
0:16 of 3rd period - Paul Stastny wins face-off versus Daniel Briere in Capitals zone.
0:41 of 3rd period - Tom Preissing is hit by Corey Perry and loses puck.
0:50 of 3rd period - Slapshot by Joe Corvo.
0:50 of 3rd period - Stopped by Semyon Varlamov without a rebound.
0:51 of 3rd period - Joe Thornton wins face-off versus Paul Stastny in Avalanche zone.
0:55 of 3rd period - Icing by Paul Stastny.
0:56 of 3rd period - Paul Stastny wins face-off versus Daniel Briere in Avalanche zone.
2:06 of 3rd period - Minor Penalty to Pernell Karl Subban for High sticking.
2:07 of 3rd period - Adam Hall wins face-off versus Mike Comrie in Avalanche zone.
2:21 of 3rd period - Slapshot by Joe Corvo.
2:21 of 3rd period - Shot Misses the Net.
4:06 of 3rd period - Penalty to Pernell Karl Subban is over, Pernell Karl Subban is back on ice.
4:16 of 3rd period - Slapshot by Andrei Kostitsyn.
4:16 of 3rd period - Stopped by Ilya Bryzgalov without a rebound.
4:17 of 3rd period - Bryan Little wins face-off versus Scott Parse in Capitals zone.
4:30 of 3rd period - Wrist shot by Saku Koivu.
4:30 of 3rd period - Stopped by Semyon Varlamov with a rebound.
4:32 of 3rd period - Slapshot by Jamie Langenbrunner.
4:32 of 3rd period - Deflect By Scott Parse.
4:32 of 3rd period - Shot Blocked by Bryan Little.
4:32 of 3rd period - Puck is out of play.
4:33 of 3rd period - Paul Stastny wins face-off versus Daniel Briere in Avalanche zone.
4:58 of 3rd period - Corey Perry is hit by Joe Thornton.
5:03 of 3rd period - Off-side.
5:04 of 3rd period - Joe Thornton wins face-off versus Bryan Little in neutral zone.
6:20 of 3rd period - Minor Penalty to Ryan Smyth for Hooking.
6:21 of 3rd period - Joe Thornton wins face-off versus Mike Comrie in Avalanche zone.
7:07 of 3rd period - Minor Penalty to Andrew Ladd for Hooking.
7:08 of 3rd period - Joe Thornton wins face-off versus Mike Comrie in Avalanche zone.
7:17 of 3rd period - Snap shot by Jarome Iginla.
7:17 of 3rd period - Shot Blocked by Marc Staal.
7:19 of 3rd period - Snap shot by Patrick Marleau.
7:19 of 3rd period - Goal by Patrick Marleau - Avalanche : 4 - Capitals : 2.
7:20 of 3rd period - Mike Comrie wins face-off versus Joe Thornton in neutral zone.
7:51 of 3rd period - Marc Staal is hit by James Neal and loses puck.
9:07 of 3rd period - Penalty to Andrew Ladd is over, Andrew Ladd is back on ice.
9:22 of 3rd period - Scott Parse is hit by Bryan Little and loses puck.
9:29 of 3rd period - Corey Perry is hit by Scott Parse and loses puck.
10:10 of 3rd period - Daniel Briere is hit by Andrew Ladd and loses puck.
13:03 of 3rd period - James Neal is hit by Marc Staal and loses puck.
13:53 of 3rd period - Mark Giordano is hit by Brandon Yip and loses puck.
15:03 of 3rd period - Marek Zidlicky is hit by Corey Perry and loses puck.
15:36 of 3rd period - James Neal is hit by Bryan Little and loses puck.
15:47 of 3rd period - Andrei Kostitsyn is hit by Patrick Marleau and loses puck.
16:08 of 3rd period - Joe Corvo is hit by Mikkel Boedker and loses puck.
17:10 of 3rd period - Saku Koivu is hit by Mikkel Boedker and loses puck.
17:37 of 3rd period - Wrist shot by Andrew Ladd.
17:37 of 3rd period - Stopped by Ilya Bryzgalov without a rebound.
17:38 of 3rd period - David Krejci wins face-off versus Adam Hall in Capitals zone.
18:01 of 3rd period - Adam Hall is hit by Mikkel Boedker and loses puck.
18:08 of 3rd period - Slapshot by Joe Corvo.
18:08 of 3rd period - Deflect By Adam Hall.
18:08 of 3rd period - Stopped by Semyon Varlamov with a rebound.
18:10 of 3rd period - Snap shot by Zdeno Chara.
18:10 of 3rd period - Stopped by Semyon Varlamov with a rebound.
18:12 of 3rd period - Snap shot by Zdeno Chara.
18:12 of 3rd period - Stopped by Semyon Varlamov with a rebound.
18:14 of 3rd period - Slapshot by Erik Cole.
18:14 of 3rd period - Shot Misses the Net.
18:16 of 3rd period - Slapshot by Joe Corvo.
18:16 of 3rd period - Deflect By Erik Cole.
18:16 of 3rd period - Shot Blocked by Bryan Little.
18:16 of 3rd period - Puck is out of play.
18:17 of 3rd period - Joe Thornton wins face-off versus Mike Comrie in Avalanche zone.
18:18 of 3rd period - Snap shot by Patrick Marleau.
18:18 of 3rd period - Stopped by Semyon Varlamov with a rebound.
19:05 of 3rd period - Bryan Little is hit by Marek Zidlicky.
19:24 of 3rd period - Mikkel Boedker is hit by Patrick Marleau and loses puck.
Goals for this period are 0 for Avalanche vs 1 for Capitals.
Shots for this period are 3 for Avalanche vs 7 for Capitals.
Back to the Top